 Dungeon Crawl Stone Soup version 0.30-a0-900-g23479c02f2 (webtiles) character file.

Game seed: 5077605119683714748

26556 MrSquiggles the Marksminotaur (level 12, -1/101 HPs)
             Began as a Minotaur Hunter on Mar 18, 2023.
             Was the Champion of Okawaru.
             Slain by a dream sheep (29 damage)
             ... on level 3 of the Lair of Beasts.
             The game lasted 00:29:33 (12311 turns).

MrSquiggles the Marksminotaur (Minotaur Hunter)    Turns: 12311, Time: 00:29:34

Health: -1/101     AC: 13    Str: 16    XL:     12   Next: 99%
Magic:  16/16      EV:  2    Int:  6    God:    Okawaru [******]
Gold:   818        SH:  0    Dex: 24    Spells: 11/11 levels left

rFire   + . .      SeeInvis +    o - +2 hand crossbow (flame)
rCold   . . .      Faith    .    (no shield)
rNeg    . . .      Spirit   .    L - +3 leather armour of Inuk {Regen+ SInv}
rPois   .          Reflect  +    (helmet restricted)
rElec   .          Rampage  .    w - scarf of Paranoia {+Inv, Will+ Dex+5}
rCorr   .                        y - +0 pair of gloves
Will    +....                    e - +0 pair of boots
Stlth   ++                       Z - amulet of reflection
HPRegen 1.16/turn                t - +4 ring of protection
MPRegen 0.15/turn                N - ring of protection from fire

@: sleeping
A: horns 2, retaliatory headbutt
a: Renounce Religion, Evoke Invisibility, Heroism, Finesse, Duel


You were on level 3 of the Lair of Beasts.
You worshipped Okawaru.
Okawaru was exalted by your worship.
You visited 2 branches of the dungeon, and saw 16 of its levels.
You also visited: Volcano.

You collected 1106 gold pieces.
You spent 288 gold pieces at shops.

Inventory:

Hand Weapons
 b - the +7 short sword "Impbane" {freeze, Fly Dex+4}
   (You took it off an orc on level 3 of the Dungeon)

   Dex:       It affects your dexterity (+4).
   Fly:       It grants you flight.
 o - a +2 hand crossbow of flaming (weapon)
Missiles
 G - 3 throwing nets
Armour
 e - a +0 pair of boots (worn)
 n - the +5 leather armour of Bitterness {rF+}
   (You took it off an orc on level 3 of the Dungeon)

   rF:        It protects you from fire.
 s - a +0 hat
 w - the scarf of Paranoia (worn) {+Inv, Will+ Dex+5}
   (You found it on level 3 of the Dungeon)

   Dex:       It affects your dexterity (+5).
   Will:      It increases your willpower.
 y - a +0 pair of gloves (worn)
 L - the +3 leather armour of Inuk (worn) {Regen+ SInv}
   (You found it on level 8 of the Dungeon)

   SInv:      It lets you see invisible.
   Regen:     It increases your rate of health regeneration.
Jewellery
 t - a +4 ring of protection (left hand)
 N - a ring of protection from fire (right hand)
 V - a ring of flight
 Z - an amulet of reflection (around neck)
Wands
 p - a wand of light (7)
 P - a wand of roots (5)
 S - a wand of flame (41)
 W - a wand of paralysis (6)
 Y - a wand of mindburst (5)
Scrolls
 a - a scroll of brand weapon {unknown}
 d - a scroll of summoning {unknown}
 f - 4 scrolls of blinking {unknown}
 g - a scroll of silence
 h - a scroll of magic mapping
 i - 7 scrolls of poison {unknown}
 j - 3 scrolls of enchant weapon {unknown}
 k - 2 scrolls of immolation
 m - 4 scrolls of noise
 u - a scroll of vulnerability
 v - a scroll of torment {unknown}
 x - 5 scrolls of teleportation {unknown}
 F - a scroll of amnesia {unknown}
 J - 6 scrolls of identify
 Q - a scroll of fog {unknown}
 U - 2 scrolls of enchant armour {unknown}
Potions
 c - a potion of experience {unknown}
 l - 4 potions of mutation
 q - 5 potions of curing
 r - a potion of attraction
 z - 5 potions of heal wounds
 A - a potion of ambrosia
 C - a potion of berserk rage {unknown}
 D - 4 potions of might
 H - 2 potions of lignification {unknown}
 I - 4 potions of brilliance {unknown}
 O - 4 potions of haste
 T - 3 potions of flight {unknown}
 X - a potion of resistance {unknown}
Miscellaneous
 R - a condenser vane


   Skills:
 + Level 7.9 Fighting
 + Level 16.5 Ranged Weapons
 + Level 7.0 Armour
 - Level 12.0 Dodging
 - Level 1.8 Stealth
 - Level 7.0 Invocations
 - Level 5.0 Evocations


You had 11 spell levels left.
You didn't know any spells.
Your spell library contained the following spells:

 Spells                   Type           Power      Damage    Failure   Level
 Magic Dart               Conj           0%         1d3       52%         1
 Sandblast                Erth           0%         2d4       52%         1
 Shock                    Conj/Air       0%         1d3       52%         1
 Cigotuvi's Dreadful Rot  Necr/Pois/Air  0%         N/A       65%         2
 Lesser Beckoning         Tloc           0%         N/A       65%         2
 Passwall                 Tmut/Erth      0%         N/A       65%         2
 Poisonous Vapours        Pois/Air       0%         N/A       65%         2
 Gell's Gravitas          Tloc           0%         N/A       87%         3
 Ignite Poison            Fire/Tmut/Pois 0%         N/A       87%         3
 Kindle Blastsparks       Fire/Tloc/Air  0%         2d10      87%         3
 Mephitic Cloud           Conj/Pois/Air  0%         N/A       87%         3
 Stone Arrow              Conj/Erth      0%         3d7       87%         3
 Swiftness                Air            0%         N/A       87%         3
 Teleport Other           Tloc           0%         N/A       87%         3
 Airstrike                Air            0%         2d(0-16)  99%         4
 Freezing Cloud           Conj/Ice/Air   0%         6-21      100%        5
 Call Imp                 Summ           Unusable   N/A       N/A         2

Dungeon Overview and Level Annotations

Branches:
Dungeon (13/15)            Temple (0/1) D:4            Lair (3/5) D:11
 Shoals (0/4) Lair:2       Spider (0/4) Lair:2          Orc (0/2) D:12
 Vaults (0/5) D:13        Volcano (visited)

Altars:
Ashenzari
Dithmenos
Elyvilon
Fedhas
Makhleb
Okawaru
Ru
Sif Muna
Xom

Shops:
D:2 ?(   D:3 ?   D:4 (

Annotations:
D:7 1 runed translucent door, Lexicon's ghost, novice HOFi
D:8 exclusion: orange crystal statue
D:13 Rupert; Urug


Innate Abilities, Weirdness & Mutations

You have a pair of horns on your head.
You reflexively headbutt those who attack you in melee.


Message History

The six-headed hydra closely misses you.
Unknown command.
Okay, then.
Okay, then.
A skyshark comes into view.
You block the six-headed hydra's attack.
The six-headed hydra barely misses you.
The six-headed hydra bites you but does no damage.
The six-headed hydra bites you!
* * * LOW HITPOINT WARNING * * *
The six-headed hydra bites you.
* * * LOW HITPOINT WARNING * * *
You block the six-headed hydra's attack.
The dream sheep bleats!
The dream sheep shake their wool and sparkle.
You feel drowsy...
You fall asleep.
The six-headed hydra bites you but does no damage.
The six-headed hydra bites you!
You wake up.
* * * LOW HITPOINT WARNING * * *
The six-headed hydra misses you. The six-headed hydra barely misses you.
The six-headed hydra completely misses you.
The six-headed hydra barely misses you. The dream sheep bites you.
* * * LOW HITPOINT WARNING * * *
The dream sheep attacks as you move away!
The dream sheep barely misses you. You furiously retaliate!
You headbutt the dream sheep!
The six-headed hydra attacks as you move away!
The six-headed hydra closely misses you. x2
The six-headed hydra bites you but does no damage. x3
The six-headed hydra barely misses you.
As you read the scroll of fear, it crumbles to dust.
You assume a fearsome visage.
The dream sheep looks frightened!
The dream sheep bleats in terror.
The dream sheep looks frightened!
The dream sheep is struck with panic!
The six-headed hydra looks frightened!
The dream sheep shake their wool and sparkle.
You feel drowsy...
You fall asleep.
The dream sheep bites you!!
You die...

##....####..##.#
##.YPD#Y.#.#...~~≈≈~..#
##.............~≈≈~~...
......Y..[..###~≈≈~#..
....###.P#####~~≈≈~.#
....###.### #~~≈≈~~#
P...##..#P###~~≈≈~#####
~...
##....88~~≈≈~88..#. ~..
##.....Y.Y@.......
#................
##...88~≈≈~~88...#
#.#.##~~≈≈~~####.#
######~≈≈†~## #
#####~≈≈~~##
#.#~~~≈≈~#~#
....~≈≈~~~## #..~≈≈~~##


You could see 2 dream sheep.

Vanquished Creatures
  A fire dragon (Volcano)
  Harold (D:11)
  Erica (D:11)
  3 two-headed ogres
  A hell hog (Volcano)
  Sonja (D:11)
  A cyclops (D:11)
  A manticore (D:6)
  Joseph (D:8)
  3 black mambas (Lair:1)
  5 cane toads
  Psyche (D:8)
  An unseen horror (D:6)
  Maggie (Lair:2)
  5 komodo dragons
  A rime drake (Lair:1)
  4 trolls
  Grinder (D:5)
  A hornet (D:8)
  8 blink frogs (Lair:1)
  3 dream sheep (Lair:3)
  3 shadows
  2 wyverns
  3 wraiths
  19 yaks
  6 fire bats (Volcano)
  A basilisk (D:13)
  2 steam dragons
  3 redbacks (Lair:2)
  6 vampire mosquitoes (D:12)
  3 wargs
  3 hell hounds (Volcano)
  5 water moccasins
  2 acid dragons
  3 black bears
  6 orc warriors
  2 sky beasts
  The ghost of gelatine the Chopper, an amateur DsGl (D:3)
  7 centaurs
  2 phantoms (D:7)
  6 bullfrogs
  3 kobold brigands
  Blork the orc (D:5)
  3 gnoll sergeants
  3 scorpions
  8 wights
  3 killer bees (D:9)
  8 howler monkeys
  An electric eel (D:8)
  A crimson imp (D:8)
  A jelly (D:6)
  10 orc priests
  A gnoll bouda (D:4)
  6 iguanas
  2 sleepcaps
  18 orc wizards
  17 gnolls
  5 adders
  A shadow imp (D:5)
  2 white imps
  2 ufetubi
  2 worms
  2 dart slugs
  54 orcs
  7 bats
  12 endoplasms
  5 giant cockroaches
  7 goblins
  11 hobgoblins
  7 jackals
  22 kobolds
  5 quokkas
  8 ball pythons
  4 frilled lizards
  7 rats
379 creatures vanquished.

Vanquished Creatures (others)
  2 fungi
  23 plants
25 creatures vanquished.

Grand Total: 404 creatures vanquished

Notes
Turn   | Place    | Note
-------+----------+-------------------------------------------
     0 | D:1      | MrSquiggles the Minotaur Hunter began the quest for the
                  | Orb.
     0 | D:1      | Reached XP level 1. HP: 18/18 MP: 0/0
   163 | D:1      | Reached skill level 1 in Stealth
   206 | D:1      | Reached XP level 2. HP: 18/25 MP: 1/1
   509 | D:1      | Reached XP level 3. HP: 31/31 MP: 2/2
   950 | D:2      | Found Cyoneiwi's Weapon Boutique.
  1015 | D:2      | Found Byvvemuf's Magic Scroll Boutique.
  1018 | D:2      | Bought a scroll of identify for 22 gold pieces
  1018 | D:2      | Bought a scroll of identify for 22 gold pieces
  1018 | D:2      | Bought a scroll of identify for 22 gold pieces
  1187 | D:2      | Reached XP level 4. HP: 38/38 MP: 3/3
  1305 | D:2      | Reached skill level 5 in Ranged Weapons
  1411 | D:3      | Found a faded altar of an unknown god.
  1604 | D:3      | Found a runed translucent gate.
  1615 | D:3      | Noticed gelatine's ghost (amateur DsGl)
  1652 | D:3      | Found a broken altar of Ashenzari.
  1655 | D:3      | Found a runed translucent gate.
  1655 | D:3      | Found a runed translucent gate.
  1658 | D:3      | Identified the +7 short sword "Impbane" {freeze, Fly Dex+4}
  1658 | D:3      | Identified the +5 leather armour of Bitterness {rF+}
  1803 | D:3      | Found a sacrificial altar of Ru.
  2022 | D:3      | Found Xoebumorgh's Magic Scroll Boutique.
  2164 | D:3      | Killed gelatine's ghost
  2165 | D:3      | Reached skill level 6 in Ranged Weapons
  2165 | D:3      | Reached XP level 5. HP: 45/45 MP: 4/4
  2225 | D:3      | Identified the scarf of Paranoia {+Inv, Will+ Dex+5}
  2289 | D:3      | Bought a scroll of identify for 22 gold pieces
  2289 | D:3      | Bought 2 scrolls of identify for 44 gold pieces
  2323 | D:4      | Found Caq Juto's Antique Weapon Emporium.
  2374 | D:4      | Found an iron altar of Okawaru.
  2414 | D:4      | Became a worshipper of Warmaster Okawaru
  3060 | D:4      | Found a staircase to the Ecumenical Temple.
  3195 | D:4      | Reached XP level 6. HP: 51/51 MP: 5/5
  3341 | D:5      | Entered Level 5 of the Dungeon
  3350 | D:5      | Noticed Blork the orc
  3367 | D:5      | Killed Blork the orc
  3708 | D:5      | Reached skill level 7 in Ranged Weapons
  3740 | D:5      | Reached XP level 7. HP: 27/57 MP: 6/6
  3907 | D:5      | Reached skill level 5 in Dodging
  4018 | D:5      | Noticed Grinder
  4044 | D:5      | Reached * piety under Okawaru
  4067 | D:5      | Paralysed by Grinder for 3 turns
  4071 | D:5      | Killed Grinder
  4072 | D:5      | Reached skill level 8 in Ranged Weapons
  4332 | D:6      | Noticed a troll
  4343 | D:6      | Killed a troll
  4344 | D:6      | Reached skill level 9 in Ranged Weapons
  4344 | D:6      | Reached XP level 8. HP: 63/63 MP: 7/7
  4418 | D:6      | Reached skill level 1 in Invocations
  4561 | D:6      | Reached skill level 10 in Ranged Weapons
  4611 | D:6      | Killed an unseen horror
  4611 | D:6      | Reached ** piety under Okawaru
  4761 | D:6      | Noticed a manticore
  4774 | D:6      | Killed a manticore
  4775 | D:6      | Reached XP level 9. HP: 12/70 MP: 8/10
  4999 | D:6      | Noticed a troll
  5010 | D:6      | Killed a troll
  5011 | D:6      | Reached skill level 11 in Ranged Weapons
  5383 | D:7      | Reached *** piety under Okawaru
  5507 | D:7      | Noticed a komodo dragon
  5523 | D:7      | Killed a komodo dragon
  5524 | D:7      | Reached skill level 12 in Ranged Weapons
  5696 | D:7      | Found a runed translucent door.
  5912 | D:7      | Noticed Lexicon's ghost (novice HOFi)
  6064 | D:8      | Reached skill level 5 in Invocations
  6093 | D:8      | Found a shadowy altar of Dithmenos.
  6117 | D:8      | Found a shimmering blue altar of Sif Muna.
  6222 | D:4      | Bought a glowing shortbow for 156 gold pieces
  6312 | D:8      | Reached XP level 10. HP: 72/77 MP: 12/12
  6317 | D:8      | Identified the +3 leather armour of Inuk {Regen+ SInv}
  6356 | D:8      | Noticed Psyche
  6382 | D:8      | Killed Psyche
  6474 | D:8      | Noticed a two-headed ogre
  6487 | D:8      | Killed a two-headed ogre
  6487 | D:8      | Reached **** piety under Okawaru
  6496 | D:8      | Reached skill level 13 in Ranged Weapons
  6681 | D:8      | Noticed Joseph
  6693 | D:8      | Killed Joseph
  6813 | D:8      | Noticed a two-headed ogre
  6821 | D:8      | Killed a two-headed ogre
  6821 | D:8      | Reached ***** piety under Okawaru
  6834 | D:8      | Noticed an orange crystal statue
  6926 | D:8      | Found a burning altar of Makhleb.
  7195 | D:8      | Found a white marble altar of Elyvilon.
  7202 | D:8      | Found a shimmering altar of Xom.
  7341 | D:9      | Reached skill level 14 in Ranged Weapons
  7357 | D:9      | Reached skill level 10 in Dodging
  7375 | D:9      | Reached XP level 11. HP: 77/82 MP: 15/15
  7477 | D:9      | Noticed a two-headed ogre
  7487 | D:9      | Killed a two-headed ogre
  7487 | D:9      | Received a gift from Okawaru
  7733 | D:9      | Identified the +2 robe of the Slug {Dex+2}
  8044 | D:10     | Entered Level 10 of the Dungeon
  8047 | D:10     | Identified the +2 falchion of Itirghujent {flame, rC++
                  | rCorr}
  8260 | D:10     | Found a blossoming altar of Fedhas.
  8674 | D:11     | Reached skill level 15 in Ranged Weapons
  8745 | D:11     | Noticed Sonja
  8753 | D:11     | Killed Sonja
  8783 | D:11     | Noticed Harold
  8804 | D:11     | You fall into a shaft and drop 2 floors!
  9132 | D:11     | Killed Harold
  9256 | D:11     | Found a staircase to the Lair.
  9464 | D:11     | Noticed Erica
  9480 | D:11     | Killed Erica
  9481 | D:11     | Reached skill level 16 in Ranged Weapons
  9566 | D:12     | Reached skill level 1 in Armour
  9574 | D:12     | Identified the +0 plate armour of Crawling {Int+2} (Okawaru
                  | gifted it to you on level 12 of the Dungeon)
  9574 | D:12     | Received a gift from Okawaru
  9581 | D:12     | Reached skill level 1 in Evocations
  9635 | D:12     | Found a staircase to the Orcish Mines.
  9871 | D:12     | Reached XP level 12. HP: 84/91 MP: 16/16
 10213 | D:13     | Noticed Urug
 10213 | D:13     | Noticed a centaur warrior
 10213 | D:13     | Noticed Rupert
 10213 | D:13     | Found a gate to the Vaults.
 10242 | Lair:1   | Entered Level 1 of the Lair of Beasts
 10338 | Lair:1   | Reached skill level 5 in Fighting
 10431 | Lair:1   | Found a dark tunnel.
 10456 | Volcano  | Entered a volcano
 10500 | Volcano  | Noticed a hell hog
 10513 | Volcano  | Killed a hell hog
 10513 | Volcano  | Reached ****** piety under Okawaru
 10565 | Volcano  | Noticed a fire dragon
 10579 | Volcano  | Killed a fire dragon
 10613 | Volcano  | Reached skill level 5 in Armour
 11546 | Lair:2   | Noticed Maggie
 11550 | Lair:2   | Killed Maggie
 11588 | Lair:2   | Found a staircase to the Shoals.
 11854 | Lair:2   | Found a hole to the Spider Nest.
 11888 | Lair:2   | Reached skill level 5 in Evocations
 12063 | Lair:2   | Identified the +1 plate armour of Okawaru's Hatred {rF+
                  | SInv} (Okawaru gifted it to you on level 2 of the Lair of
                  | Beasts)
 12063 | Lair:2   | Received a gift from Okawaru
 12279 | Lair:3   | Noticed a six-headed hydra
 12311 | Lair:3   | Slain by a dream sheep

Illustrated notes

Levels and vault maps discovered:
D:1:      spicycebolla_arrival_risky_transporter, layout_basic,
          nicolae_wormholes
D:2:      layout_rooms, serial_shops, nicolae_shop_behind_doors,
          nicolae_shop_statue_plus
D:3:      layout_rooms, ashenzari_conservatory_becter,
          nicolae_ru_the_path_less_chosen, serial_shops,
          nicolae_shop_hallway_stairs, biasface_ghost_orc_armoury,
          ebering_ecumenical_altar_rust, minivault_14
D:4:      layout_basic, okawaru_ov_weapons_minmay,
          minmay_temple_entry_nine_rooms, serial_shops, shop, minmay_vboxes
D:5:      layout_rooms, uniq_blork_the_orc, uniq_grinder
D:6:      layout_rooms, minmay_misc_feat_iff, minmay_misc_feat_chi,
          minmay_misc_feat_alley, kb_rosetta
D:7:      layout_rooms, ebering_ghost_reflecting_pool
D:8:      minmay_statue_hallways, layout_loops_cross,
          mainiacjoe_overflow_alcove_1, makhleb_grotto_becter,
          minmay_overflow_temple_star_quad, serial_park_tiny_1,
          serial_bayou_pond_b, uniq_joseph, uniq_psyche
D:9:      layout_irregular_city, eino_tiny_chamber, minmay_lizard_king
D:10:     layout_loops_ring, fedhas_ov_isle_minmay
D:11:     layout_rooms, erik_lair_orcish_takeover, minmay_misc_feat_plants,
          uniq_harold, uniq_sonja, uniq_erica
D:12:     layout_cave_pools, erik_orc_3
D:13:     layout_grid_maze, david_vaults_3, roderic_lattice_a
Lair:1:   layout_misc_corridors, nicolae_volcano_entry_s_turn,
          grunt_megastairs_3
Lair:2:   layout_gridlike, shoals_dummy_entry, spider_nest_entry_webs,
          nicolae_lair_lil_pond, uniq_maggie
Lair:3:   wander_river, layout_loops_ring, serial_bayou_shore_a

Skill      XL: |  1  2  3  4  5  6  7  8  9 10 11 12 |
---------------+-------------------------------------+-----
Stealth        | 1 |  1.8
Fighting       | 3 4 7 |  7.9
Dodging        | 3 4 6 7 8 10 11 12 | 12.0
Ranged Weapons | 6 7 9 10 12 14 16 | 16.5
Invocations    | 3 5 6 7 |  7.0
Armour         | 2 7 |  7.0
Evocations     | 1 5 |  5.0

Action                     |  1- 3 |  4- 6 |  7- 9 | 10-12 || total
---------------------------+-------+-------+-------+-------++-------
  Melee: Short sword       |       |       |     1 |       ||     1
         Unarmed           |       |       |       |    13 ||    13
   Fire: Shortbow          |   123 |   155 |   318 |   705 ||  1301
         Hand crossbow     |       |       |       |   149 ||   149
 Invoke: Heroism           |       |       |     5 |     3 ||     8
         Finesse           |       |       |       |     1 ||     1
    Use: Scroll            |       |     9 |     2 |     5 ||    16
         Potion            |       |     1 |     4 |       ||     5
 Armour: Leather armour    |    11 |    21 |    60 |    69 ||   161
  Dodge: Dodged            |    27 |    23 |    96 |   332 ||   478
  Block: Other             |       |       |       |    27 ||    27

Table legend: (Time is in decaauts)
 A = Elapsed time spent in this place.
 B = Non-inter-level travel time spent in this place.
 C = Inter-level travel time spent in this place.
 D = Time resting spent in this place.
 E = Time spent auto-exploring this place.
 F = Levels seen in this place.
 G = Mean time per level.
                   A        B        C        D        E       F      G
               +--------+--------+--------+--------+--------+-----+--------+
         Total |  12223 |  11551 |    672 |    515 |   8204 |  17 |  719.0 |
       Dungeon |  10151 |   9575 |    576 |    405 |   6942 |  13 |  780.8 |
          Lair |   1736 |   1640 |     96 |     37 |   1186 |   3 |  578.7 |
       Volcano |    335 |    335 |      0 |     73 |     75 |   1 |  335.0 |
               +--------+--------+--------+--------+--------+-----+--------+

Top non-repeatable levels by time:
     D:8: 1104 daAuts
     D:4: 1062 daAuts
     D:6: 1039 daAuts
     D:1: 969 daAuts
     D:5: 950 daAuts
     D:3: 897 daAuts
  Lair:1: 839 daAuts
     D:7: 810 daAuts
    D:12: 793 daAuts
  Lair:2: 761 daAuts
     D:9: 722 daAuts
    D:10: 607 daAuts
    D:11: 563 daAuts
     D:2: 481 daAuts
 Volcano: 335 daAuts
